 Dungeon Crawl Stone Soup version 0.20-a0-1078-g4874019 (webtiles) character file.

41 Monsterracer the Gusty (level 3, -3/19 HPs)
             Began as a Tengu Air Elementalist on Apr 30, 2017.
             Slain by a gnoll
             ... wielding a +0 spear
              (5 damage)
             ... on level 2 of the Dungeon.
             The game lasted 00:07:57 (2309 turns).

Monsterracer the Gusty (Tengu Air Elementalist)     Turns: 2309, Time: 00:07:58

Health: -3/19      AC:  2    Str:  8    XL:     3   Next: 52%
Magic:  1/7        EV: 12    Int: 16    God:
Gold:   85         SH:  0    Dex: 14    Spells: 0/6 levels left

rFire    . . .     SeeInvis .   l - +0 quarterstaff
rCold    . . .     Gourm    .   (shield currently unavailable)
rNeg     . . .     Faith    .   a - +0 robe
rPois    .         Spirit   .   (helmet restricted)
rElec    .         Reflect  .   (no cloak)
rCorr    .         Harm     .   (no gloves)
MR       .....                  (boots unavailable)
Stlth    ++........             (no amulet)
Regen    0.1/turn               (no ring)
MPRegen  0.1/turn               (no ring)

@: no status effects
A: beak, talons 3
a: no special abilities


You were on level 2 of the Dungeon.
You were not hungry.

You visited 1 branch of the dungeon, and saw 2 of its levels.

You collected 85 gold pieces.

Inventory:

Hand Weapons
 l - a +0 quarterstaff (weapon)
Armour
 a - a +0 robe (worn)
Scrolls
 d - a scroll of fog {unknown}
 e - a scroll of magic mapping {unknown}
 f - a scroll of identify {unknown}
 j - 2 scrolls of teleportation {unknown}
Books
 b - a book of Air

   Spells                             Type                      Level
   a - Shock                          Conjuration/Air              1
   b - Swiftness                      Charms/Air                   2
   c - Static Discharge               Conjuration/Air              3
   d - Airstrike                      Air                          4
   e - Lightning Bolt                 Conjuration/Air              5
Comestibles
 c - 3 bread rations
 h - a meat ration
 i - 2 royal jellies


   Skills:
   Level 2.9 Maces & Flails
 * Level 0.2(1.7) Staves
 - Level 2.1 Dodging
 - Level 2.0 Stealth
 - Level 2.0 Spellcasting
 + Level 2.0 Conjurations
 + Level 4.1 Air Magic


You couldn't memorise any spells.
You knew the following spells:

 Your Spells              Type           Power        Failure   Level  Hunger
a - Shock                 Conj/Air       ##..         6%          1    #......
b - Swiftness             Chrm/Air       #.......     13%         2    ###....
c - Static Discharge      Conj/Air       ##......     17%         3    ###....


Dungeon Overview and Level Annotations

Branches:
Dungeon (2/15)

Altars:


Innate Abilities, Weirdness & Mutations

You have a beak for a mouth.
You have claws for feet.


Message History

Confirm with . or Enter, or press ? or * to list all spells.
The gnoll is struck by lightning.
The gnoll is severely wounded.
The lightning arcs!
You are struck by lightning.
The lightning grounds out.
The gnoll hits you with a spear.
Casting: Static Discharge
Confirm with . or Enter, or press ? or * to list all spells.
The gnoll is struck by lightning.
The gnoll is almost dead.
The lightning arcs!
You are struck by lightning.
The lightning grounds out.
The gnoll hits you with a spear.
* * * LOW HITPOINT WARNING * * *
The gnoll barely misses you.
You aren't carrying any items that you can evoke.
The gnoll hits you with a spear.
* * * LOW HITPOINT WARNING * * *
You closely miss the gnoll. You claw the gnoll.
The gnoll is almost dead.
The gnoll hits you with a spear.
You die...

###'###########
#........#
########........#
#...............#
#..........######
#.......####
#(....<.#
#...g...#
#....@..#
#.......#
######### † ..
... #.. #.. ...
.#


You could see a gnoll.

Vanquished Creatures
  An ooze (D:1)
  A worm (D:1)
  2 dart slugs
  3 bats
  A giant cockroach (D:1)
  5 goblins
  5 hobgoblins
  A ball python (D:1)
  A frilled lizard (D:1)
  3 kobolds (D:1)
  5 rats
28 creatures vanquished.

Notes
Turn   | Place    | Note
-------+----------+-------------------------------------------
     0 | D:1      | Monsterracer the Tengu Air Elementalist began the quest for the Orb.
     0 | D:1      | Reached XP level 1. HP: 10/10 MP: 4/4
   223 | D:1      | Reached skill level 1 in Maces & Flails
   274 | D:1      | Reached XP level 2. HP: 15/15 MP: 4/6
   669 | D:1      | Learned a level 2 spell: Swiftness
   749 | D:1      | Reached XP level 3. HP: 19/19 MP: 4/7
   754 | D:1      | Learned a level 3 spell: Static Discharge
  2309 | D:2      | Slain by a gnoll

Vault maps used:
D:1:      dpeg_arrival_lava_temple_mockup, serial_park_tiny_pond
D:2:      lemuel_round_altar, first_bread

Skill      XL: |  1  2 |
---------------+-------+-----
Conjurations   | 2 |  2.0
Maces & Flails | 1 2 |  2.9
Staves         | |  0.2
Dodging        | |  2.1
Stealth        | |  2.0
Spellcasting   | |  2.0
Air Magic      | |  4.1

Action                   || total
-------------------------++-------
Melee: Whip              ||    12
       Peck              ||     5
       Mace              ||    15
       Quarterstaff      ||     9
       Kick              ||     4
 Cast: Shock             ||    77
       Static Discharge  ||     4
  Use: Potion            ||     4
 Stab: Sleeping          ||     1
  Eat: Meat ration       ||     1
       Chunk             ||     1
Armor: Robe              ||    13
       Skin              ||     3
Dodge: Dodged            ||    31
